 Dungeon Crawl Stone Soup version 0.29-a0-100-g60f898f876 (webtiles) character file.

Game seed: 5501620169974178252

35 drugrobin the Poker (level 3, -2/29 HPs)
             Began as a Demigod Warper on Feb 15, 2022.
             Slain by Natasha (6 damage)
             ... on level 2 of the Dungeon.
             The game lasted 00:02:29 (1601 turns).

drugrobin the Poker (Demigod Warper)                Turns: 1601, Time: 00:02:30

Health: -2/29      AC:  5    Str: 16    XL:     3   Next: 4%
Magic:  8/8        EV: 11    Int: 15    God:
Gold:   76         SH:  0    Dex: 13    Spells: 3/5 levels left

rFire   . . .      SeeInvis +   a - +0 spear
rCold   . . .      Faith    .   (no shield)
rNeg    . . .      Spirit   .   b - +0 leather armour
rPois   .          Reflect  .   m - +0 helmet
rElec   .          Harm     .   (no cloak)
rCorr   .          Rampage  .   (no gloves)
Will    .....                   h - +0 pair of boots
Stlth   +.........              (no amulet)
HPRegen 0.09/turn               g - ring of see invisible
MPRegen 0.11/turn               (no ring)

@: brilliant, slowed, very slow
A: high MP 1, forlorn, divine attributes
a: no special abilities


You were on level 2 of the Dungeon.
You visited 1 branch of the dungeon, and saw 2 of its levels.

You collected 76 gold pieces.

Inventory:

Hand Weapons
 a - a +0 spear (weapon)
Missiles
 d - 5 boomerangs of dispersal
 e - 2 boomerangs (quivered)
 k - 5 poisoned darts
 p - 23 stones
Armour
 b - a +0 leather armour (worn)
 h - a +0 pair of boots (worn)
 m - a +0 helmet (worn)
Magical Staves
 n - a staff of conjuration
Jewellery
 g - a ring of see invisible (left hand)
Scrolls
 c - a scroll of blinking
 j - a scroll of vulnerability {unknown}
Potions
 i - a potion of invisibility {unknown}
 o - a potion of curing {unknown}


   Skills:
 - Level 1.7 Fighting
 + Level 3.3 Polearms
 - Level 0.8 Throwing
 - Level 0.8 Armour
 - Level 1.7 Dodging
 - Level 1.7 Spellcasting
 - Level 2.6 Translocations


You had 3 spell levels left.
You knew the following spells:

 Your Spells              Type           Power      Damage    Failure   Level
a - Blink                 Tloc           28%        N/A       14%         2

Your spell library contained the following spells:

 Spells                   Type           Power      Damage    Failure   Level
 Gell's Gravitas          Tloc           14%        N/A       28%         3
 Lesser Beckoning         Tloc           14%        N/A       28%         3
 Teleport Other           Tloc           14%        N/A       28%         3
 Manifold Assault         Tloc           14%        N/A       95%         5


Dungeon Overview and Level Annotations

Branches:
Dungeon (2/15)

Annotations:
D:2 Natasha


Innate Abilities, Weirdness & Mutations

You have an increased reservoir of magic. (+10% MP)
You shall have no god before yourself.
Your divine heritage dramatically boosts your attributes as you level up.


Message History

Unknown command.
Unknown command.
You hit Natasha.
Natasha is moderately wounded.
Natasha claws you.
Unknown command.
You barely miss Natasha.
Natasha is moderately wounded.
Natasha claws you.
The crimson imp shouts, "Go and return not, thou euchred bat-fowling malt-worm!"
The crimson imp blinks!
Unknown command.
You closely miss Natasha.
Natasha is moderately wounded.
Natasha mumbles some strange words.
You feel disoriented.
Natasha stares at you and mumbles some strange words.
You feel as though you will be slow longer.
The white imp gestures at you. The puff of frost hits you.
* * * LOW HITPOINT WARNING * * *
Natasha claws you.
* * * LOW HITPOINT WARNING * * *
Unknown command.
Unknown command.
Unknown command.
Unknown command.
Unknown command.
Unknown command.
Okay, then.
You aren't carrying any items that you can evoke.
It was a potion of brilliance.
You feel clever all of a sudden. The white imp gestures at you.
The puff of frost misses you.
The puff of frost hits the crimson imp!
The crimson imp is frozen!
The crimson imp dies!
The crimson imp disappears in a puff of smoke!
Natasha claws you.
You die...

####..######...###.......
......#....†.....#....#..
.................#....#
.................##..r#
.>...............# ...#
.................# ...#
......######.....###..#
.......# ###.........#
.....#.# ##...§.@5....#
.....#.###......h.(....#
######.##...............
#..#...............
##.#...............
#.#...............
#.#...............
#.##..............
#..##.....#..


You could see Natasha and a white imp (summoned).

Vanquished Creatures
  A bat (D:1)
  4 endoplasms (D:1)
  3 giant cockroaches (D:1)
  2 goblins (D:1)
  3 hobgoblins
  2 jackals (D:1)
  7 kobolds
  4 ball pythons (D:1)
  A frilled lizard (D:1)
  4 rats
31 creatures vanquished.

Notes
Turn   | Place    | Note
-------+----------+-------------------------------------------
     0 | D:1      | drugrobin the Demigod Warper began the quest for the Orb.
     0 | D:1      | Reached XP level 1. HP: 17/17 MP: 5/5
    37 | D:1      | Reached skill level 2 in Polearms
   373 | D:1      | Reached XP level 2. HP: 24/24 MP: 7/7
   795 | D:1      | Reached skill level 3 in Polearms
  1044 | D:1      | Learned a level 2 spell: Blink
  1519 | D:2      | Reached XP level 3. HP: 29/29 MP: 8/8
  1591 | D:2      | Noticed Natasha
  1601 | D:2      | Slain by Natasha

Illustrated notes

Levels and vault maps discovered:
D:1:      minmay_arrival_semitransparent, layout_loops_ring
D:2:      layout_rooms, uniq_natasha

Skill      XL: |  1  2 |
---------------+-------+-----
Polearms       | 2 3 |  3.3
Fighting       | |  1.7
Throwing       | |  0.8
Armour         | |  0.8
Dodging        | |  1.7
Spellcasting   | |  1.7
Translocations | |  2.6

Action                   || total
-------------------------++-------
Melee: Spear             ||   124
Throw: Boomerang         ||     4
  Use: Scroll            ||     3
       Potion            ||     1
Armor: Leather armour    ||    38
Dodge: Dodged            ||    48

Table legend: (Time is in decaauts)
 A = Elapsed time spent in this place.
 B = Non-inter-level travel time spent in this place.
 C = Inter-level travel time spent in this place.
 D = Time resting spent in this place.
 E = Time spent auto-exploring this place.
 F = Levels seen in this place.
 G = Mean time per level.
                   A        B        C        D        E       F      G
               +--------+--------+--------+--------+--------+-----+--------+
         Total |   1602 |   1561 |     41 |    318 |    908 |   2 |  801.0 |
       Dungeon |   1602 |   1561 |     41 |    318 |    908 |   2 |  801.0 |
               +--------+--------+--------+--------+--------+-----+--------+

Top non-repeatable levels by time:
     D:1: 1479 daAuts
     D:2: 123 daAuts
